 Adventure DCSS version bcrawl-1.27.3 (webtiles) character file.

Game seed: 777119661218116980

148344 galech the Chopper (level 6, 49/49 HPs)
             Began as a Demonspawn Fighter on July 31, 2020.
             Quit the game on level 7 of the Dungeon.
             The game lasted 00:06:37 (4386 turns).

galech the Chopper (Demonspawn Fighter)             Turns: 4386, Time: 00:06:38

Health: 49/49      AC:  8    Str: 16    XL:     6   Next: 52%
Magic:  6/6        EV:  9    Int:  9    God:
Gold:   385        SH: 11    Dex: 15    Spells: 5/5 levels left
                                        Lives:  1   Deaths: 1

rFire    . . .     SeeInvis .   a - +0 war axe
rCold    + . .     Gourm    .   n - +2 buckler
rNeg     . . .     Faith    .   d - +0 scale mail {rC+}
rPois    .         Spirit   +   j - +1 hat
rElec    +         Reflect  +   (no cloak)
rCorr    .         Harm     .   (no gloves)
MR       .....                  (no boots)
Stlth    ..........             t - +3 amulet of reflection
HPRegen  0.16/turn              q - ring "Myheropi" {rElec Stlth--} (curse)
MPRegen  0.10/turn              (no ring)

@: no status effects
A: horns 2, magic shield
a: no special abilities


You were on level 7 of the Dungeon.
You were not hungry.

You visited 1 branch of the dungeon, and saw 7 of its levels.
You also visited: Sewer.

You collected 385 gold pieces.

Inventory:

Hand Weapons
 a - a +0 war axe (weapon)
Armour
 d - a +0 scale mail of cold resistance (worn)
 j - a +1 hat (worn)
 n - a +2 buckler (worn)
Jewellery
 h - an uncursed ring of protection from fire {unknown}
 q - the cursed ring "Myheropi" (left hand) {rElec Stlth--}
   (You found it on level 3 of the Dungeon)

   [ring of attention]

   It insulates you from electricity.
   It makes you much less stealthy.
   It has a curse placed upon it.
 t - a +3 amulet of reflection (around neck)
Wands
 f - a wand of enslavement (6)
 v - a wand of iceblast (10)
 w - a wand of clouds (5)
Scrolls
 b - 2 scrolls of identify
 k - 8 scrolls of teleportation
 m - 2 scrolls of fog
 y - a scroll of enchant armour {unknown}
Potions
 c - a potion of invisibility {unknown}
 g - a potion of heal wounds {unknown}
 i - 4 potions of flight
 l - 3 potions of magic {unknown}
 o - a potion of ambrosia {unknown}
 p - 4 potions of brilliance {unknown}
 r - 2 potions of curing
 s - 2 potions of degeneration {unknown}
 u - 2 potions of mutation {unknown}
 x - a potion of berserk rage {unknown}
Comestibles
 e - 7 rations {!d}


   Skills:
 + Level 4.4 Fighting
 + Level 5.1 Axes
 + Level 4.5 Armour
 + Level 1.4 Dodging
 + Level 0.8 Stealth
 + Level 4.0 Shields


You had 5 spell levels left.
You didn't know any spells.
Your spell library contained the following spells:

 Spells                   Type           Power        Failure   Level  Hunger
 Corona                   Hex            #......      95%         1    None
 Ensorcelled Hibernation  Hex/Ice        #.....       99%         2    ####...
 Confuse                  Hex            #.......     100%        3    #####..
 Dazzling Orbs            Conj/Hex       #......      100%        3    #####..
 Tukima's Dance           Hex            #.......     100%        3    #####..


Dungeon Overview and Level Annotations

Branches:
Dungeon (7/12)
 Temple: D:4-7         Lair: D:7-9

Altars:

Shops:
D:5 ((:=[

Annotations:
D:3 1 runed translucent door, Graouh's ghost, novice HuFi
D:6 Prince Ribbit


Innate Abilities, Weirdness & Mutations

You have a pair of horns on your head.
When hurt, damage is shared between your health and your magic reserves.


Message History

You block the centaur's attack. The hound bites you but does no damage.
The orc priest invokes the aid of Beogh against you.
Beogh smites you!
* * * LOW HITPOINT WARNING * * *
You closely miss the hound.
You headbutt the hound, but do no damage.
You barely miss the centaur. You slash the orc!
You kill the orc!
You hit the orc priest but do no damage.
The centaur hits you but does no damage.
You block the hound's attack. The centaur hits you.
* * * LOW HITPOINT WARNING * * *
The hound bites you.
You die...
The orc priest mumbles some strange prayers to Beogh against you.
Pain shoots through your body!
Xom reaches out...
You are now level 6!
You rejoin the land of the living...
Are you sure you want to abandon this character and quit the game? (Confirm with "yes".)

. #......# ......$... ......#
.##......## ............ #.....#
..........##............ #......
#......##...###........# #.....
#.......>............... #....#
#...#...#.#......#..... ##.#cho
#..<#.....##....^...# #...)†#
#...........##.....## ###.).#
............##..@..####.# #.....
...............#......... ##....
...............##...#.##. ###..
..............####.##.....####...
#..#..........# ##.##............
#.##...........##..............##
.. .............#...........<....
...............................
.........................


There were no monsters in sight!

Vanquished Creatures
  A hungry ghost (D:7)
  Purgy (Sewer)
  An ogre (D:4)
  A crimson imp (D:5)
  A jelly (D:7)
  A centaur skeleton (D:7)
  2 orc priests
  3 orc wizards (D:5)
  An iguana (D:5)
  3 worker ants
  4 adders
  A shadow imp (D:5)
  An ooze (D:2)
  2 adder skeletons (D:4)
  5 worms
  2 leopard geckos
  12 orcs
  4 ball pythons
  5 bats
  A giant cockroach (D:1)
  5 hobgoblins
  5 jackals
  A quokka (D:6)
  6 frilled lizards
  8 goblins
  4 kobolds
  5 rats
86 creatures vanquished.

Notes
Turn   | Place    | Note
-------+----------+-------------------------------------------
     0 | D:1      | galech the Demonspawn Fighter began the quest for the Orb.
     0 | D:1      | Reached XP level 1. HP: 18/18 MP: 1/1
   169 | D:1      | Gained mutation: You have a pair of small horns on your
                  | head. [demonic ancestry]
   169 | D:1      | Reached XP level 2. HP: 6/24 MP: 2/2
   356 | D:1      | Reached skill level 2 in Axes
   716 | D:2      | Reached XP level 3. HP: 15/29 MP: 3/3
  1440 | D:3      | Found a glowing drain.
  1541 | Sewer    | Entered a sewer
  1551 | Sewer    | Gained mutation: When hurt, damage is shared between your
                  | health and your magic reserves. [demonic ancestry]
  1551 | Sewer    | Reached XP level 4. HP: 36/36 MP: 4/4
  1637 | Sewer    | Noticed Purgy
  1653 | Sewer    | Killed Purgy
  1653 | Sewer    | Reached skill level 3 in Axes
  1653 | Sewer    | Reached XP level 5. HP: 23/42 MP: 2/5
  1836 | D:3      | Found a runed translucent door.
  1842 | D:3      | Noticed Graouh's ghost (novice HuFi)
  1877 | D:3      | Got a bound bone ring
  1905 | D:3      | Identified the cursed ring "Myheropi" {rElec Stlth--} (You
                  | found it on level 3 of the Dungeon)
  2461 | D:4      | Noticed an ogre
  2469 | D:4      | Killed an ogre
  2469 | D:4      | Gained mutation: You have a pair of horns on your head.
                  | [demonic ancestry]
  2469 | D:4      | Reached XP level 6. HP: 35/48 MP: 3/6
  2589 | D:4      | Reached skill level 4 in Axes
  2612 | D:4      | Noticed a two-headed ogre
  2814 | D:5      | Entered Level 5 of the Dungeon
  2876 | D:5      | Found Huujibu's Book Boutique.
  2890 | D:5      | Found Unuompufi's Weapon Boutique.
  3128 | D:5      | Reached skill level 1 in Dodging
  3174 | D:5      | Found Zunashap's Jewellery Shop.
  3226 | D:5      | Reached XP level 7. HP: 40/54 MP: 3/7
  3285 | D:5      | Found Odaidd's Weapon Shoppe.
  3512 | D:5      | Found Muvitey's Antique Armour Shoppe.
  4058 | D:6      | Noticed Prince Ribbit
  4268 | D:7      | Noticed a hungry ghost
  4284 | D:7      | Killed a hungry ghost
  4284 | D:7      | Reached skill level 5 in Axes
  4385 | D:7      | HP: 1/55 [centaur (5)]
  4385 | D:7      | Slain by a hound
  4386 | D:7      | Reached XP level 6. HP: -1/49 MP: 0/6
  4386 | D:7      | Quit the game

Skill      XL: |  1  2  3  4  5  6  7 |
---------------+----------------------+-----
Armour         | 3 4 |  4.5
Axes           | 2 3 4 5 |  5.1
Shields        | 3 4 |  4.0
Fighting       | 4 |  4.4
Dodging        | 1 |  1.4
Stealth        | |  0.8

Action                   |  1- 3 |  4- 6 |  7- 9 || total
-------------------------+-------+-------+-------++-------
Melee: War axe           |   105 |   142 |    44 ||   291
       Headbutt          |    13 |    28 |     6 ||    47
  Use: Scroll            |     3 |       |     3 ||     6
       Potion            |       |     2 |       ||     2
  Eat: Chunk             |     6 |    11 |     1 ||    18
       Ration            |       |       |     2 ||     2
Armor: Scale mail        |    75 |    65 |    17 ||   157
Dodge: Dodged            |    26 |    55 |    18 ||    99
Block: Medium shield     |    53 |       |       ||    53
       Buckler           |     8 |    62 |    33 ||   103
